[Event "Championnat du monde jeunes U12F"]
[Date "2024.11.16"]
[White "Abylaykyzy, Bibisara"]
[Black "Laurincova, Timea"]
[WhiteElo "1694"]
[BlackElo "1549"]
[Round "2.31"]
[Result "1-0"]
[TimeControl "5400+30"]

1. e4 c5 2. Nf3 Nc6 3. d4 cxd4 4. Nxd4 g6 5. c4 Bg7 6. Be3 Nf6 7. Nc3 O-O 8. Be2 d6 9. O-O Nxd4 10. Bxd4 Bd7 11. Qd2 Bc6 12. f3 Nd7 13. Be3 Nc5 14. Rac1 a6 15. Rfd1 Rc8 16. Qc2 Qe8 17. Qd2 Qd8 18. Qe1 Qe8 19. b3 f5 20. exf5 Rxf5 21. Ne4 Nxe4 22. fxe4 Bxe4 23. Bg4 Rf8 24. Be6+ Kh8 25. Bxc8 Qxc8 26. Qd2 Qc6 27. Rf1 Re8 28. Bd4 Kg8 29. Bxg7 Kxg7 30. Qf2 Bf5 31. Rce1 Qd7 32. h3 e5 33. Rd1 Qe7 34. Qd2 Rd8 35. g4 Be6 36. Qc3 h5 37. gxh5 Qg5+ 38. Kh2 Qxh5 39. Rde1 Rh8 40. Rf3 Bg4 41. Rg3 Qf5 42. Kg2 Bh5 43. Qb2 Rf8 44. c5 Rc8 45. b4 a5 46. a3 b6 47. Qd2 dxc5 48. bxa5 bxa5 49. Qc3 Re8 50. Qxc5 Qf4 51. Qxa5 Re7 52. Qb4 Qf6 53. Qc5 Re6 54. a4 Kh6 55. Rf1 Qd8 56. Qf8+ Qxf8 57. Rxf8 Kg7 58. Ra8 e4 59. Re3 Kf6 60. a5 Ke5 61. a6 Kd4 62. Re1 g5 63. a7 Ra6 64. Rd8+ Ke5 65. a8=Q Rxa8 66. Rxa8 Kf4 67. Rf8+ Ke5 68. Rg8 Kf4 69. Rf1+ Bf3+ 70. Rxf3+ exf3+ 71. Kf2 Ke4 72.
Rxg5 Kf4 73. Rg4+ 1-0

[Variant "Standard"]
[Site "Europe Echecs"]

[Event "Championnat du monde jeunes U12F"]
[Date "2024.11.16"]
[White "Liang, Candice"]
[Black "Messali Anger, Ilyana"]
[WhiteElo "1551"]
[BlackElo "1687"]
[Round "2.32"]
[Result "1-0"]
[TimeControl "5400+30"]

1. d4 d5 2. c4 e6 3. Nc3 Nf6 4. cxd5 exd5 5. Bg5 Be7 6. e3 O-O 7. Bd3 c6 8. Nge2 Nbd7 9. O-O Re8 10. f3 b5 11. a3 a5 12. Bh4 Nb6 13. Bf2 Nc4 14. Bxc4 bxc4 15. e4 Be6 16. Kh1 Rb8 17. Rb1 Nh5 18. e5 g6 19. Qd2 Bg5 20. f4 Be7 21. Rg1 Bf5 22. Rbe1 Ng7 23. g4 Bd3 24. Nc1 Qb6 25. Nxd3 cxd3 26. Rb1 Ne6 27. f5 Bg5 28. Qxd3 Nc7 29. h4 Bh6 30. Be3 Bf8 31. h5 g5 32. Bxg5 Bg7 33. Qd2 Qa6 34. Rgd1 Qa7 35. Bh6 Bxh6 36. Qxh6 Red8 37. Rd3 Qa6 38. Rd2 Kh8 39. Qf6+ Kg8 40. g5 c5 41. Qxa6 Nxa6 42. dxc5 Nxc5 43. Rxd5 Rxd5 44. Nxd5 Nd3 45. e6 fxe6 46. fxe6 Rxb2 47. Rxb2 Nxb2 48. e7 Kf7 49. g6+ hxg6 50. hxg6+ Ke8 51. g7 a4 52. g8=Q+ Kd7 53. Qd8+ Ke6 1-0

[Variant "Standard"]
[Site "Europe Echecs"]

[Event "Championnat du monde jeunes U12F"]
[Date "2024.11.16"]
[White "Li, Yeeshuen"]
[Black "Radenkovic, Lena"]
[WhiteElo "1546"]
[BlackElo "1675"]
[Round "2.33"]
[Result "1-0"]
[TimeControl "5400+30"]

1. e4 e5 2. Nf3 Nc6 3. Bc4 Bc5 4. O-O Nf6 5. d4 Bxd4 6. Nxd4 Nxd4 7. Bg5 O-O 8. f4 d6 9. f5 h6 10. Bh4 Bd7 11. c3 Nc6 12. Qd2 Nxe4 13. Qe1 Nf6 14. Nd2 Kh7 15. Ne4 Na5 16. Nxf6+ gxf6 17. Be2 Bc6 18. b4 Rg8 19. Rf2 e4 20. Bg3 e3 21. Rf1 Bxg2 22. Kxg2 Nc6 23. Kh1 Qe7 24. Bf3 Rab8 25. Bf4 Rbe8 26. Qe2 Qd7 27. Bxe3 d5 28. Qd3 Rd8 29. Rad1 Ne7 30. Bh5 Rg7 31. Bd4 Qd6 32. Bc5 Qd7 33. Bxe7 Qxe7 34. Rde1 Qd6 35. Bf3 c6 36. Rg1 Rg5 37. Rxg5 hxg5 38. Qe3 Kg7 39. Qe7 Qb8 40. Re6 Rh8 41. Qxf6+ Kg8 42. Qxg5+ Kf8 43. Qe7+ Kg7 44. Rg6+ Kh7 45. Qxf7# 1-0

[Variant "Standard"]
[Site "Europe Echecs"]

[Event "Championnat du monde jeunes U12F"]
[Date "2024.11.16"]
[White "Smirnova, Viktoria A"]
[Black "Hiznicenco, Valeria"]
[WhiteElo "1658"]
[BlackElo "1513"]
[Round "2.34"]
[Result "1-0"]
[TimeControl "5400+30"]

1. d4 Nf6 2. c4 g6 3. Nf3 Bg7 4. g3 d5 5. Bg2 O-O 6. Nbd2 c6 7. O-O Nbd7 8. Qc2 Re8 9. e4 dxe4 10. Nxe4 Nxe4 11. Qxe4 e5 12. Re1 f5 13. Qh4 exd4 14. Bg5 Rxe1+ 15. Rxe1 Nf6 16. Qxd4 Qxd4 17. Nxd4 h6 18. Bf4 Nh5 19. Be5 Nf6 20. Nxc6 Bd7 21. Nb8 Bc6 22. Nxc6 bxc6 23. Bxc6 Rc8 24. Bxf6 Rxc6 25. Bxg7 Kxg7 26. b3 a5 27. Re3 Kf6 28. Kf1 Re6 29. Rxe6+ Kxe6 30. Ke2 Kd6 31. Kd3 Kc5 32. a3 h5 33. b4+ axb4 34. axb4+ 1-0

[Variant "Standard"]
[Site "Europe Echecs"]

[Event "Championnat du monde jeunes U12F"]
[Date "2024.11.16"]
[White "Bogomolnikova, Zlata"]
[Black "Petrusic, Dusica"]
[WhiteElo "1628"]
[BlackElo "1498"]
[Round "2.35"]
[Result "1-0"]
[TimeControl "5400+30"]

1. d4 d5 2. c4 c6 3. cxd5 cxd5 4. Nc3 Nf6 5. Bf4 Nc6 6. e3 a6 7. Be2 e6 8. Nf3 Bb4 9. O-O O-O 10. Rc1 h6 11. a3 Bd6 12. Bxd6 Qxd6 13. h3 Rd8 14. Na4 b5 15. Nc5 Nd7 16. Qd2 Nxc5 17. Rxc5 e5 18. Rfc1 Bb7 19. dxe5 Nxe5 20. Nxe5 Qxe5 21. Rc7 Rab8 22. Qb4 Qd6 23. Qd4 Rd7 24. Qa7 Rc8 25. Rxc8+ Bxc8 26. Rxc8+ Kh7 27. Qd4 Rc7 28.
Bd3+ g6 29. Rh8# 1-0

[Variant "Standard"]
[Site "Europe Echecs"]

[Event "Championnat du monde jeunes U12F"]
[Date "2024.11.16"]
[White "Canossa, Elena"]
[Black "Muradova, Nebahat"]
[WhiteElo "1482"]
[BlackElo "1626"]
[Round "2.36"]
[Result "0-1"]
[TimeControl "5400+30"]

1. e4 e6 2. d4 d5 3. exd5 exd5 4. Bd3 Bd6 5. Qf3 h6 6. h3 Nf6 7. Ne2 Be6 8. Bf4 Nc6 9. c3 Qe7 10. Bxd6 Qxd6 11. Qf4 Qxf4 12. Nxf4 O-O-O 13. Nd2 g5 14. Nxe6 fxe6 15. O-O-O e5 16. Nb3 exd4 17. Bf5+ Kb8 18. Nxd4 Nxd4 19. Rxd4 Rhe8 20. h4 Re5 21. hxg5 hxg5 22. g4 c5 23. Rd2 Ne8 24. Rh5 Ng7 25. Rxg5 Nxf5 26. Rxf5 Rxf5 27. gxf5 Kc7 28. f6 Kd6 29. Re2 Rd7 30. Re7 Rxe7 31. fxe7 Kxe7 32. Kd2 Kf6 33. b4 b6 34. Kd3 Kf5 35. a3 Kf4 36. a4 a5 37. Ke2 axb4 38. cxb4 cxb4 39. Kd2 Kf3 40.
Kc2 d4 41. Kb3 d3 42. Kxb4 d2 43. Kb5 d1=Q 44. Kxb6 Qxa4 45. Kc5 Qd7 46.
Kc4 Qd6 47. Kc3 Qd5 48. Kc2 Qd4 49. Kc1 Qxf2 50. Kb1 Qd2 51. Ka1 Ke3 52. Kb1 Kd3 53. Ka1 Kc3 54. Kb1 Qb2# 0-1

[Variant "Standard"]
[Site "Europe Echecs"]

[Event "Championnat du monde jeunes U12F"]
[Date "2024.11.16"]
[White "Yang, Hayeon"]
[Black "Stepankova, Linda"]
[WhiteElo "1482"]
[BlackElo "1624"]
[Round "2.37"]
[Result "0-1"]
[TimeControl "5400+30"]

1. d4 d5 2. Bf4 Nf6 3. e3 e6 4. Nf3 c5 5. c4 Bd6 6. Bxd6 Qxd6 7. Nbd2 O-O 8. Be2 Qb6 9. b3 Nc6 10. dxc5 Qxc5 11. O-O e5 12. cxd5 Qxd5 13. Nc4 Qxd1 14. Rfxd1 e4 15. Nd4 Bd7 16. f3 Nxd4 17. exd4 Bc6 18. fxe4 Bxe4 19. Ne5 Rfd8 20. Bf3 Bxf3 21. Nxf3 Rd6 22. Rac1 Nd5 23. Re1 Kf8 24. Ng5 h6 25. Ne4 Rg6 26. Ng3 Rd8 27. a3 Rg4 28. Rc4 Rf4 29. Rf1 Rxf1+ 30. Nxf1 Rd6 31. Kf2 Ke7 32. Ke2 Rb6 33. b4 Ra6 34. Rc5 Ke6 35. Ra5 Rxa5 36. bxa5 Kd6 37. Ne3 Ne7 38. Kd3 g6 39. Nc4+ Kd5 40. Ne5 f6 41. Nc4 Nc6 42. Ne3+ Kd6 43. Ng4 f5 44. Ne5 Nxe5+ 45. dxe5+ Kxe5 46. Kc4 Kd6 47.
Kb5 g5 48. Kc4 h5 49. Kd4 h4 50. g3 hxg3 51. hxg3 a6 52. a4 f4 53. gxf4 gxf4 54. Ke4 Kc5 55. Kxf4 Kb4 56. Ke3 Kxa4 57. Kd2 Kxa5 58. Kc3 Kb5 59. Kb3 b6 60. Ka3 Kc4 61. Ka4 b5+ 62. Ka3 Kc3 63. Ka2 Kc2 64. Ka3 a5 65. Ka2 b4 66. Ka1 a4 67. Ka2 b3+ 68. Ka3 b2 69. Kxa4 b1=Q 70. Ka5 Kc3 71. Ka6 Kc4 72. Ka7 Kc5 73. Ka8 Kc6 74. Ka7 Qb7# 0-1

[Variant "Standard"]
[Site "Europe Echecs"]

[Event "Championnat du monde jeunes U12F"]
[Date "2024.11.16"]
[White "Huang, Lucia"]
[Black "Groselj, Mirjam"]
[WhiteElo "1621"]
[BlackElo "1470"]
[Round "2.38"]
[Result "1-0"]
[TimeControl "5400+30"]

1. e4 e5 2. Nf3 Nc6 3. Bc4 Bc5 4. c3 Nf6 5. d3 h6 6. Nbd2 O-O 7. h3 d6 8. Bb3 Be6 9. Bc2 d5 10. O-O Nh7 11. Re1 f5 12. exd5 Qxd5 13. Bb3 Qd6 14. Bxe6+ Qxe6 15. Nxe5 Rae8 16. Nef3 Qg6 17. Nc4 f4 18. Rxe8 Qxe8 19. Qb3 Qe2 20. Nce5+ Kh8 21. Ng6# 1-0

[Variant "Standard"]
[Site "Europe Echecs"]

[Event "Championnat du monde jeunes U12F"]
[Date "2024.11.16"]
[White "Prokofieva, Alexandra"]
[Black "Budhram, Kaylee"]
[WhiteElo "1467"]
[BlackElo "1614"]
[Round "2.39"]
[Result "0-1"]
[TimeControl "5400+30"]

1. e4 c6 2. d4 d5 3. f3 e6 4. Bd3 Nd7 5. Ne2 Qb6 6. c4 c5 7. Be3 dxe4 8. fxe4 Qxb2 9. Nd2 Qb6 10. O-O cxd4 11. Nxd4 Bc5 12. Rb1 Qd6 13. e5 Qxe5 14. Qf3 Bxd4 15. Bxd4 Qxd4+ 16. Kh1 Ngf6 17.
Ne4 h6 18. Rbd1 Nxe4 19. Bxe4 Qf6 20.
Qb3 Qe7 21. Qg3 Qg5 22. Qb3 h5 23. Rf3 h4 24. h3 a6 25. Qa4 Qe7 26. Rdf1 f6 27. Bg6+ Kf8 28. R3f2 f5 29. Qd1 Ne5 30. Bh5 Nxc4 31. Re1 Nd6 32. Be2 Ne4 33. Rf3 Ng3+ 34. Kg1 Qc5+ 35.
Kh2 Qc7 36. Kg1 Nxe2+ 37. Qxe2 Bd7 38.
Rf2 Rd8 39. Qb2 Kf7 40. Qb3 g6 41. Qb2 Rhe8 42. Qb4 Rh8 43. Qb2 Rc8 44. Qb3 b5 45. Qe3 Qc3 46. Qa7 Qxe1+ 47. Rf1 Qd2 48. Qxa6 Qe3+ 49. Kh1 Rc2 50. Qb7 Ke7 51. Qf3 Qxf3 52. Rxf3 Bc6 53. Ra3 Rxg2 54. Ra7+ Kf6 55. Rc7 Rc2+ 56. Kg1 Be4 57. Rxc2 Bxc2 58. Kf2 Ra8 59. Ke2 Rxa2 60. Kd2 Be4+ 61. Kc1 b4 62. Kd1 b3 63. Kc1 b2+ 64. Kd2 b1=Q+ 65. Kc3 Qd3+ 66. Kb4 Rb2+ 67. Kc5 Qd5# 0-1

[Variant "Standard"]
[Site "Europe Echecs"]

[Event "Championnat du monde jeunes U12F"]
[Date "2024.11.16"]
[White "Ordonez Alarcon, Daniela"]
[Black "Jung, Minju"]
[WhiteElo "1606"]
[BlackElo "1457"]
[Round "2.40"]
[Result "1-0"]
[TimeControl "5400+30"]

1. d4 d5 2. c4 e6 3. Nc3 c5 4. e3 Nf6 5. Nf3 Be7 6. a3 cxd4 7. exd4 O-O 8. Bd3 Nc6 9. O-O dxc4 10. Bxc4 h6 11. h3 Bd6 12. Re1 Re8 13. Nb5 a6 14. Nxd6 Qxd6 15. Be3 Na5 16. Bd3 Nc6 17. Bc4 b5 18. Ba2 Bb7 19. Qd2 Ne7 20. Bf4 Qd8 21. Ne5 Nf5 22. Rad1 Rc8 23. Bb1 Qd5 24. f3 Nh5 25. Be4 Qd8 26. Bxb7 Rc7 27. Be4 Nxf4 28. Qxf4 f6 29. Ng4 Nxd4 30. Bh7+ Kxh7 31. Qxd4 Qe7 32. Qd3+ Kh8 33. Qd6 Qf7 34. Qxa6 Rc5 35. Qb6 Rf5 36. Rd8
Rxd8 37. Qxd8+ Kh7 38.
Qd3 Qa7+ 39. Qe3 Qxe3+ 40. Rxe3 e5 41.
Rb3 e4 42. fxe4 Rc5 43. Rc3 Rh5 44. b4 Kg6 45. Rc5 Rxc5 46. bxc5 Kf7 47. e5 fxe5 48. Nxe5+ Ke6 49. c6 Kd6 50. Kf2 g5 51. g4 Kc7 52. Ke3 Kc8 53. Kd4 Kc7 54. Kc5 Kc8 55. Kb6 Kb8 56. c7+ Kc8 57. Nf7 b4 58. Nd6+ Kd7 59. c8=Q+ Kxd6 60. Qc5+ Ke6 61. axb4 Kf6 62. Kc6 Ke6 63. Qf5+ Ke7 64. Kd5 Ke8 65. Kd6 Kd8 66. Qd7# 1-0

[Variant "Standard"]
[Site "Europe Echecs"]

[Event "Championnat du monde jeunes U12F"]
[Date "2024.11.16"]
[White "Liu, Lillian Yu-Ning"]
[Black "Telyuk, Anastasiya"]
[WhiteElo "1456"]
[BlackElo "1603"]
[Round "2.41"]
[Result "0-1"]
[TimeControl "5400+30"]

1. e4 c5 2. Nf3 e6 3. Nc3 Nc6 4. Bc4 Nf6 5. O-O d5 6. exd5 exd5 7. Re1+ Be7 8. Bb5 O-O 9. Bxc6 bxc6 10. d3 Qc7 11. h3 Bf5 12. Bd2 Rfe8 13. d4 cxd4 14. Nxd4 Bg6 15. Be3 c5 16. Nde2 d4 17. Bf4 Qc6 18. Nb1 Nd5 19. Bd2 Bd6 20. c3 d3 21. Nc1 Rxe1+ 22. Bxe1 Nf4 23. f3 Re8 24. Kh1 Qd5 25. Qd2 Qg5 0-1

[Variant "Standard"]
[Site "Europe Echecs"]

[Event "Championnat du monde jeunes U12F"]
[Date "2024.11.16"]
[White "Chen, Pin-I"]
[Black "Hrckova, Anna"]
[WhiteElo "1601"]
[BlackElo "1441"]
[Round "2.42"]
[Result "0-1"]
[TimeControl "5400+30"]

1. d4 d5 2. c4 c6 3. Nf3 Nf6 4. Qb3 dxc4 5. Qxc4 Bf5 6. g3 e6 7. Bg2 Nbd7 8. O-O Be7 9. Nc3 O-O 10. Qb3 Qb6 11. Qxb6 axb6 12. Bf4 Ne4 13. Nxe4 Bxe4 14. Ne5 Bxg2 15. Kxg2 Nxe5 16. Bxe5 f6 17. Bf4 Rfd8 18. e3 Rd7 19. h4 h6 20. h5 b5 21. a3 Kf7 22. Rad1 b4 23. axb4 Bxb4 24. Ra1 Rdd8 25. g4 Ra5 26. Bc7 Rxa1 27. Rxa1 Rd5 28. Ra4 Rb5 29. e4 Bd2 30. Ra2 Bc1 31. Bd6 Rxb2 32. Rxb2 Bxb2 33. Bc5 b5 34. Kf3 g6 35. hxg6+ Kxg6 36. Ke3 Bc1+ 37. Kd3 f5 38. exf5+ exf5 39. gxf5+ Kxf5 40. Ke2 Kg4 41. Kf1 h5 42. Kg2 Bd2 43. f3+ Kf5 44. Ba3 Bc3 45. d5 cxd5 46. Kg3 b4 0-1

[Variant "Standard"]
[Site "Europe Echecs"]

[Event "Championnat du monde jeunes U12F"]
[Date "2024.11.17"]
[White "Zavivaeva, Kristina"]
[Black "Buyankhishig, Batpelden"]
[WhiteElo "1775"]
[BlackElo "1867"]
[Round "3.2"]
[Result "1/2-1/2"]
[TimeControl "5400+30"]

1. Nf3 d5 2. g3 Nf6 3. Bg2 Bf5 4. O-O e6 5. c4 c6 6. cxd5 exd5 7. d3 Bd6 8. Nc3 O-O 9. Qb3 Qb6 10. Qc2 Re8 11. Re1 Nbd7 12. e4 Bg4 13. Be3 Qa6 14. Nh4 Rac8 15. h3 Bh5 16. f4 dxe4 17. dxe4 Bc5 18. g4 Bxe3+ 19. Rxe3 Qb6 20. Re1 Bxg4 21. Na4 Qb4 22. hxg4 Nxg4 23. Qb3 Qd2 24. R1e2 Qc1+ 25. Re1 Qd2 26. R1e2 Qd6 27. Bh3 Nxe3 28. Qxe3 Rcd8 29. Nc3 Nf8 30. Nf5 Qb4 31. Qxa7 Rd3 32. Bg2 b6 33. Qc7 Qc5+ 34. Kh2 Rd7 35. Na4 Qc4 36. Nxb6 Qxe2 37. Nxd7 Qh5+ 38. Kg3 Ne6 39. Qxc6 Qg6+ 40. Kf2 f6 41. Nh4 Qh5 42. Kg3 Nxf4 43. Kxf4 Qxh4+ 44. Kf3 Rd8 45. Qc7 Qh5+ 46. Kf2 Re8 47. a4 Qh4+ 48. Qg3 Qh6 49. Qe3 Qh4+ 50. Kf1 Rd8 51. Qd2 Kh8 52. b4 Qg4 53. Nxf6 Rf8 54. b5 Rxf6+ 55. Kg1 h5 56. b6 Rf7 57. Qd5 Rd7 58. b7 Rxb7 59. Qxb7 Qd1+ 60. Kh2 Qxa4 61. Qc8+ Kh7 62. Qf5+ Kh6 63. Qf4+ Kh7 64. Qg5 Qe8 65. e5 Qg6 66. Qf4 Qe6 67. Be4+ Kg8 68. Kg3 g6 69. Qg5 Kg7 70. Kh4 Qf7 71. Qg3 Qe7+ 72. Kh3 Qe6+ 73. Kh2 Qa2+ 74. Bg2 Qc4 75. Qf2 Qe6 76. Qd4 Kh6 77. Bd5 Qa6 78. e6 Qe2+ 79. Kg3 Qe1+ 80. Qf2 Qc3+ 81. Kg2 Qe5 82. Qf8+ Kg5 83. Qd8+ Kf4 84. Qh4+ Kf5 85. Qf2+ Kg5 86. Qf3 Kh6 87. Kh3 g5 88. Qf8+ Kg6 89. Qg8+ Kh6 90. Qf8+ Kg6 91. Qe8+ Kh6 92. Qf8+ Kg6 93. Qg8+ Kh6 94. Qf8+ Kg6 95. Qe8+ Kh6 96. Qf8+ Kg6 97. Qg8+ Kh6 98. Qf8+ 1/2-1/2

[Variant "Standard"]
[Site "Europe Echecs"]

[Event "Championnat du monde jeunes U12F"]
[Date "2024.11.17"]
[White "Ejsymont, Blanka"]
[Black "Alcantara, Levanah"]
[WhiteElo "1945"]
[BlackElo "1753"]
[Round "3.10"]
[Result "1-0"]
[TimeControl "5400+30"]

1. e4 e6 2. d4 d5 3. e5 c5 4. c3 Nc6 5. Nf3 Qb6 6. Na3 cxd4 7. cxd4 Bb4+ 8. Bd2 Bxa3 9. bxa3 Nxd4 10. Qa4+ Nc6 11. Bd3 Ne7 12. O-O Bd7 13. Qg4 Ng6 14. Rfe1 Rc8 15. h4 h5 16. Qg3 Nce7 17. Rab1 Qc7 18. Bb4 Rh6 19. Bd6 Qa5 20. Rxb7 Qa4 21. Bxe7 Nxe7 22. Qxg7 Qf4 23. Rb4 Rc4 24. Bxc4 Rg6 25. Qh8+ Ng8 26. Rb8+ Ke7 27. Rxg8 1-0

[Variant "Standard"]
[Site "Europe Echecs"]

[Event "Championnat du monde jeunes U12F"]
[Date "2024.11.17"]
[White "Muradova, Nebahat"]
[Black "Illes-Nagy, Nora"]
[WhiteElo "1626"]
[BlackElo "1803"]
[Round "3.17"]
[Result "0-1"]
[TimeControl "5400+30"]

1. d4 d5 2. c4 c6 3. Nf3 Nf6 4. Nc3 e6 5. cxd5 exd5 6. Bg5 h6 7. Bh4 Bf5 8. e3 Nbd7 9. Bd3 Bxd3 10. Qxd3 Be7 11. O-O O-O 12. a3 a5 13. Rab1 a4 14. Qc2 b5 15. Bxf6 Bxf6 16. Na2 Rc8 17. Rbc1 Nb6 18. Nb4 Nc4 19. Nd2 c5 20. dxc5 Bxb2 21. Rcd1 Bxa3 22. Na2 Rxc5 23. Nxc4 Rxc4 24. Qd3 b4 25. Nc1 Bxc1 26. Rxc1 Qc7 27. Qd2 Qc5 28. Rb1 b3 29. Rfd1 Rb8 30. Ra1 0-1

[Variant "Standard"]
[Site "Europe Echecs"]

[Event "Championnat du monde jeunes U12F"]
[Date "2024.11.18"]
[White "Amanzhol, Khanzada"]
[Black "Tu, Audrey"]
[WhiteElo "1780"]
[BlackElo "1765"]
[Round "4.1"]
[Result "1-0"]
[TimeControl "5400+30"]

1. e4 e5 2. Nf3 Nc6 3. d4 exd4 4. Nxd4 Nf6 5. Nxc6 bxc6 6. Qe2 Be7 7. e5 Nd5 8. c4 Bb4+ 9. Bd2 Bxd2+ 10. Qxd2 Nb6 11. Nc3 Bb7 12. O-O-O O-O 13. f4 c5 14. Qf2 Qe7 15. Bd3 f6 16. Qh4 h6 17. Rhe1 Qf7 18. exf6 Qxf6 19. Qxf6 Rxf6 20. g3 d6 21. Re7 Rf7 22. Rde1 Kf8 23. R7e6 Bc6 24. Bg6 Rf6 25. Rxf6+ gxf6 26. b3 a6 27. Re6 Kg7 28. Bh5 Nd7 29. Nd1 Rc8 30. Ne3 Nf8 31. Nf5+ Kh8 32. Rxf6 Nh7 33. Rxh6 Be4 34. Bg6 1-0

[Variant "Standard"]
[Site "Europe Echecs"]

[Event "Championnat du monde jeunes U12F"]
[Date "2024.11.18"]
[White "Sinkar, Anagha Aniket"]
[Black "Bassari, Senem Gul"]
[WhiteElo "1723"]
[BlackElo "1778"]
[Round "4.2"]
[Result "1-0"]
[TimeControl "5400+30"]

1. e4 c5 2. c3 d5 3. exd5 Qxd5 4. d4 Nf6 5. Be3 e6 6. dxc5 Nbd7 7. b4 a5 8. Nf3 Be7 9. Bb5 axb4 10. cxb4 Qxd1+ 11. Kxd1 Nd5 12. c6 bxc6 13.
Bxc6 Nxe3+ 14. fxe3 Ra7 15. b5 O-O 16. Nbd2 Nb6 17. e4 Rd8 18. Kc2 Ra4 19. Rhd1 Bd7 20. Bxd7 Rxd7 21. Rdc1 Nc4 22. Nxc4 Rxc4+ 23. Kb3 Rb4+ 24. Kc3 Rxe4 25. Rab1 Re3+ 26. Kc4 Re4+ 27. Kc3 Re3+ 28. Kc4 Re4+ 29. Kc3 Bf6+ 30. Kb3 Rd3+ 31. Kc2 Rd6 32. Kb3 Rd3+ 33. Kc2 Rd8 34. Kb3 Re3+ 35. Kc4 Ra3 36. b6 Ra4+ 37. Kb5 Raa8 38. b7 Rab8 39. Ka6 e5 40. Rc4 Re8 41. Ka7 h5 42. Rbc1 e4 43. Ne1 Bg5 44. R1c2 Be3+ 45. Ka6 Kh7 46. Rc8 Re6+ 47. R2c6 Rxc6+ 48. Rxc6 Re8 49. Rc8 Re6+ 50. Ka5 Re5+ 51. Ka4 Ba7 52. Ra8 e3 53. Rxa7 Re4+ 54. Kb3 Re8 55. Ra8 Re6 56. b8=Q e2 57. Ra5 g6 58. Re5 Rf6 59. Rxe2 h4 60. Re8 Kh6 61. Rh8+ Kg5 62. Qe5+ Rf5 63. Nf3+ 1-0

[Variant "Standard"]
[Site "Europe Echecs"]

[Event "Championnat du monde jeunes U12F"]
[Date "2024.11.18"]
[White "Siddhi Rao"]
[Black "Mozolevskaya, Tatyana Nik"]
[WhiteElo "1677"]
[BlackElo "1775"]
[Round "4.3"]
[Result "1/2-1/2"]
[TimeControl "5400+30"]

1. e4 c6 2. d4 d5 3. exd5 cxd5 4. Bd3 Nc6 5. c3 Nf6 6. Bf4 Bg4 7. Qb3 Qd7 8. Nd2 e6 9. Ngf3 Bd6 10. Bxd6 Qxd6 11. O-O O-O 12. Rae1 Ne7 13. Ne5 Bf5 14. Qc2 Rac8 15. f4 Qc7 16. Re3 g6 17. Qd1 Bxd3 18. Rxd3 h5 19. h3 Kg7 20. Rf2 Rh8 21. Qe2 Qb6 22. b4 a5 23. a3 axb4 24. axb4 Qa6 25. Qf3 Nf5 26. Nb3 b6 27. Nd2 Nd6 28. Rf1 Nfe4 29. Qe3 Nf5 30. Qf3 Rxc3 31. Rxc3 Nxd2 32. Qd3 Qxd3 33. Rxd3 Nxf1 34. Kxf1 Rc8 35. g4 hxg4 36. hxg4 Nd6 37. Ke2 Nb5 38. Ke3 Rc7 39. g5 Nd6 40. Kf3 Nc4 41. Ng4 Ra7 42. Nf6 Ra2 43. Kg4 Rg2+ 44. Kf3 Rb2 45. Kg4 Rg2+ 46. Kf3 Rd2 47. Rxd2 Nxd2+ 48. Ke2 Nc4 49. Kd3 Kf8 50. Nd7+ Ke7 51. Ne5 Nd6 52. Kd2 Kd8 53. Kc3 Kc7 54. Kd3 Kb7 55. Kc3 Ka6 56. Kb3 Kb5 57. Ka3 Ka6 58. Kb3 Nb5 59. Nf3 Kb7 60. Kc2 Kc7 61. Kd3 Kd8 62. Ne5 Ke8 63. Ng4 Nc7 64. Nf6+ Ke7 65. Ng8+ Ke8 66. Nf6+ Kd8 67. Ng4 Ne8 68. Ne5 Ke7 69. Nc6+ Kf8 70. Ne5 Kg7 71. Nd7 b5 72. Ke3 f6 73. Kf3 fxg5 74. fxg5 Nc7 75. Ne5 Na6 76. Nc6 e5 77. dxe5 Kf7 78. Kf4 Nc7 79. Nd8+ Ke7 80. Nb7 Na6 81. Nd6 Nxb4 82. Nxb5 Nd3+ 83. Ke3 Nxe5 84. Kd4 Nf3+ 85. Kxd5 Nxg5 86. Ke5 Nf7+ 87. Kf4 Kf6 88. Nc3 g5+ 89. Kg3 Kf5 90. Nd1 Nd6 1/2-1/2

[Variant "Standard"]
[Site "Europe Echecs"]

[Event "Championnat du monde jeunes U12F"]
[Date "2024.11.18"]
[White "Allahverdi, Zahra"]
[Black "Ejsymont, Blanka"]
[WhiteElo "1718"]
[BlackElo "1945"]
[Round "4.4"]
[Result "1-0"]
[TimeControl "5400+30"]

1. c4 e6 2. g3 d5 3. Bg2 Nf6 4. Nf3 dxc4 5. Qa4+ Qd7 6. Qxc4 Nc6 7. d3 Bd6 8. Nbd2 e5 9. a3 Qe7 10. Qb3 a5 11. Nc4 O-O 12. Nxd6 Qxd6 13. O-O Be6 14. Qc2 a4 15. Be3 Ra5 16. Nd2 Ng4 17. Ne4 Nxe3 18. fxe3 Qe7 19. Rac1 Bb3 20. Qc3 Bd5 21. Nc5 Bxg2 22. Kxg2 Ra7 23. Qc4 Qg5 24. Ne6 Qe7 25. Nxf8 Qxf8 26. Rf3 e4 27. Qxe4 Ra5 28. d4 Rb5 29. d5 Ne7 30. Rxc7 Nxd5 31. Rcxf7 Qd8 32. Rf8+ Qxf8 33. Qe6+ Qf7 34. Qxf7+ Kh8 35. Qf8# 1-0

[Variant "Standard"]
[Site "Europe Echecs"]

[Event "Championnat du monde jeunes U12F"]
[Date "2024.11.18"]
[White "Buyankhishig, Batpelden"]
[Black "Harutyunyan, Gabriela"]
[WhiteElo "1867"]
[BlackElo "1730"]
[Round "4.5"]
[Result "1-0"]
[TimeControl "5400+30"]

1. d4 d5 2. c4 e6 3. Nc3 c5 4. cxd5 cxd4 5. Qa4+ Bd7 6. Qxd4 exd5 7. Nxd5 Nc6 8. Qd1 Nf6 9. Nf3 Nxd5 10. Qxd5 Bb4+ 11. Bd2 O-O 12. e3 Qe7 13. Be2 Rad8 14. O-O Be6 15. Bxb4 Nxb4 16. Qe4 Nd5 17. Rfd1 Qf6 18. Nd4 Rde8 19. Bf3 Nb6 20. Qxb7 Re7 21. Qa6 Bc8 22. Qe2 Rfe8 23. Rac1 Bd7 24. b3 Qg6 25. a4 Re5 26. Nc6 Bxc6 27. Rxc6 f6 28. Qa6 Rf5 29. Be2 Rg5 30. Bf1 Qe4 31. Rcd6 Qe7 32. a5 Nc8 33. Bc4+ Kh8 34. Re6 Qf8 35. Rxe8 Qxe8 36. Qc6 Re5 37. Qc7 Qf8 38. Bb5 1-0

[Variant "Standard"]
[Site "Europe Echecs"]

[Event "Championnat du monde jeunes U12F"]
[Date "2024.11.18"]
[White "Li, Sophie"]
[Black "Chovanec, Alice"]
[WhiteElo "1798"]
[BlackElo "1694"]
[Round "4.6"]
[Result "0-1"]
[TimeControl "5400+30"]

1. e4 c5 2. Nf3 e6 3. d4 cxd4 4. Nxd4 a6 5. c4 Nf6 6. Nc3 Qc7 7. a3 b6 8. f4 d6 9. Bd3 Bb7 10. f5 e5 11. Nc2 Nbd7 12. Bg5 Be7 13. Ne3 h6 14. Bxf6 Bxf6 15. Ned5 Qd8 16. O-O O-O 17. Bc2 Rc8 18. Ba4 Nc5 19. b4 Nxa4 20. Nxa4 Rxc4 21. Naxb6 Bxd5 22. Nxd5 Rxe4 23. Qd3 Rd4 24. Nxf6+ Qxf6 25. Qxa6 e4 26. b5 Rd2 27. Qc6 Qd4+ 28. Kh1 e3 29. Qf3 Re8 30. Rfe1 Rf2 31. Qc6 Kf8 32. b6 d5 33. Qd6+ Kg8 34. b7 Qe4 35. Qg3 Rb2 36. f6 g6 37. Qh3 Kh7 38. a4 Rxb7 39. a5 d4 40. a6 Ra7 41. Ra4 Re6 42. Kg1 Rexa6 43. Qc8 Qf4 44. Rf1 e2 45. Rxf4 e1=Q+ 46. Rf1 Qe3+ 47. Kh1 Rxf6 48. Raa1 Rxa1 49. Rxa1 d3 50. Qc3 Rf2 51. h3 Qe4 52. Rg1 d2 53. Qa1 Re2 54. Qf1 Kg8 55. Qd1 Qe3 0-1

[Variant "Standard"]
[Site "Europe Echecs"]

[Event "Championnat du monde jeunes U12F"]
[Date "2024.11.18"]
[White "Baruch, Amit"]
[Black "Zavivaeva, Kristina"]
[WhiteElo "1747"]
[BlackElo "1775"]
[Round "4.7"]
[Result "0-1"]
[TimeControl "5400+30"]

1. e4 c5 2. Nc3 d6 3. f4 Nf6 4. Nf3 g6 5. Bb5+ Bd7 6. Bc4 Bg7 7. O-O O-O 8. d3 Nc6 9. a3 a6 10. Qe1 b5 11. Ba2 b4 12. axb4 Nxb4 13. Bb3 Qb6 14. Na4 Qb7 15. Bd2 Nxd3 16. Bxf7+ Rxf7 17. cxd3 Bxa4 18. Rxa4 Qb3 19. Ra3 Qxb2 20. Bc1 Qb4 21. Qh4 Nd7 22. Qh3 Bb2 23. Bxb2 Qxb2 24. Ng5 Qxa3 25. Nxf7 Nf8 26. Nh6+ Kg7 27. f5 Rb8 28. fxg6 Nxg6 29. Nf5+ Kh8 30. Nh6 Qc3 31. Qf5 Rf8 32. Nf7+ Kg7 33. h3 Qb3 34. h4 Qxf7 35. h5 Qxf5 36. exf5 Ne5 37. Ra1 Rxf5 0-1

[Variant "Standard"]
[Site "Europe Echecs"]

[Event "Championnat du monde jeunes U12F"]
[Date "2024.11.18"]
[White "Qiu, Laurie"]
[Black "Ribreau, Anna"]
[WhiteElo "1994"]
[BlackElo "1726"]
[Round "4.8"]
[Result "1-0"]
[TimeControl "5400+30"]

1. e4 d6 2. d4 Nf6 3. Nc3 e5 4. Nf3 Nbd7 5. Bc4 Be7 6. O-O O-O 7. a4 c6 8. a5 Rb8 9. Qe2 exd4 10. Nxd4 Ne5 11. Bb3 c5 12. Nf5 Bxf5 13. exf5 Qd7 14. f4 Nc6 15. Ba4 Nd4 16. Bxd7 Nxe2+ 17. Nxe2 Nxd7 18. Nc3 Nf6 19. Rd1 Rbd8 20. Nd5 Nxd5 21. Rxd5 Bf6 22. Ra3 Rfe8 23. Kf1 Re4 24. Rb3 Rd7 25. Rbd3 Rd4 26. R3xd4 Bxd4 27. g4 h6 28. Ke2 Bf6 29. Kd3 Kf8 30. Kc4 a6 31. b4 cxb4 32. Kxb4 Rc7 33. c4 Rc6 34. g5 hxg5 35. fxg5 Be5 36. h4 b5 37. cxb5 Rxc1 38. bxa6 Rc7 39. Rb5 Ra7 40. Rb8+ Ke7 41. Rb7+ Rxb7+ 42. axb7 d5 43.
a6 Bb8 44. Kc5 Ba7+ 45. Kxd5 g6 46.
fxg6 fxg6 47. Kc6 Kd8 48. Kd6 1-0

[Variant "Standard"]
[Site "Europe Echecs"]